 Dungeon Crawl Stone Soup version 0.23-b1-84-g6588a6b (webtiles) character file.

Game seed: 2260058712247776132

232 DarkinPup the Slasher (level 5, -2/42 HPs)
             Began as a Demonspawn Gladiator on Feb 9, 2019.
             Was an Initiate of Ashenzari.
             Slain by Sigmund
             ... wielding a +0 scythe of protection
              (5 damage)
             ... on level 3 of the Dungeon.
             The game lasted 00:05:07 (2267 turns).

DarkinPup the Slasher (Demonspawn Gladiator)        Turns: 2267, Time: 00:05:08

Health: -2/42      AC: 10    Str: 14    XL:     5   Next: 73%
Magic:  5/5        EV: 14    Int:  9    God:    Ashenzari [......]
Gold:   104        SH:  0    Dex: 16    Spells: 4/4 levels left

rFire    . . .     SeeInvis .   a - +0 long sword
rCold    . . .     Gourm    .   (no shield)
rNeg     . . .     Faith    .   b - +0 leather armour
rPois    .         Spirit   .   c - +0 helmet
rElec    .         Reflect  .   l - +2 cloak
rCorr    .         Harm     .   (no gloves)
MR       .....                  (no boots)
Stlth    +.........             (no amulet)
HPRegen  0.14/turn              (no ring)
MPRegen  0.09/turn              (no ring)

@: no status effects
A: hooves 1, slimy green scales 2
a: Curse Item, Renounce Religion


You were on level 3 of the Dungeon.
You worshipped Ashenzari.
Ashenzari was noncommittal.
You were hungry.

You visited 1 branch of the dungeon, and saw 3 of its levels.

You collected 104 gold pieces.

Inventory:

Hand Weapons
 a - a +0 long sword (weapon)
Missiles
 i - 4 tomahawks (quivered)
Armour
 b - a +0 leather armour (worn)
 c - a +0 helmet (worn)
 l - a +2 cloak (worn)
 s - a +0 buckler
Scrolls
 e - a scroll of amnesia
 k - a scroll of noise {unknown}
 m - a scroll of immolation {unknown}
 o - a scroll of random uselessness {unknown}
 p - a scroll of identify {unknown}
 r - a scroll of blinking {unknown}
Potions
 g - a potion of lignification {unknown}
 h - a potion of heal wounds {unknown}
 j - a potion of resistance {unknown}
 n - a potion of curing {unknown}
 q - a potion of brilliance {unknown}
Comestibles
 f - 4 rations


   Skills:
 + Level 3.8 Fighting
 * Level 4.1 Long Blades
 - Level 1.7 Throwing
 + Level 4.0 Dodging
 + Level 0.0 Shields


You had 4 spell levels left.
You didn't know any spells.
Your spell library was empty.

Dungeon Overview and Level Annotations

Branches:
Dungeon (3/15)

Altars:
Ashenzari
Fedhas
Gozag
Hepliaklqana
Makhleb
Sif Muna
Trog
Vehumet
Zin
The Shining One

Annotations:
D:3 Sigmund


Innate Abilities, Weirdness & Mutations

You have large cloven feet.
You are mostly covered in slimy green scales. (AC +3)


Message History

You closely miss something. You kick something.
Something completely misses you.
You miss something. Something hits you but does no damage.
You hit something but do no damage. Your kick misses something.
Something barely misses you.
You barely miss something. You kick something. Something closely misses you.
You hit something but do no damage. You kick something.
You barely miss something.
You hear some strange, mumbled words.
A puff of flame appears from out of thin air!
The puff of flame hits you!
* * * LOW HITPOINT WARNING * * *
Something hits you but does no damage.
You closely miss something. Your kick misses something.
Throwing (i - inventory. (/) - cycle)
d - a throwing net (quivered)
Press: ? - help, Shift-Dir - straight line You throw a throwing net.
Something hits you.
* * * LOW HITPOINT WARNING * * *
You barely miss something. You kick something. Something hits you.
You die...

#####.#.##...........#####
# #.#.##.####..........# #
##.#.##.# #.##...).#.# #
####....##.#
#.##.....#.########
.....#.....#
#.##.....).........
.###....####
#.##.>...........).
.##..รท..#
#.##.....#.#######.
.##...[## #.########.# #.
.##....## #.@{.....(.# #.
..#.....# ############ #.
..#.....# #. ..#.#.#.# ##
....###.###################
#
#.....(...................#
#
#...###.#################.#
# #...###.## ### #
.........#


There were no monsters in sight!

Vanquished Creatures
  A howler monkey (D:2)
  Crazy Yiuf (D:2)
  An orc wizard (D:3)
  5 adders
  2 worms (D:3)
  A dart slug (D:1)
  5 leopard geckos
  4 orcs (D:3)
  11 bats
  5 giant cockroaches
  9 goblins
  5 hobgoblins
  5 jackals
  7 kobolds
  3 ball pythons
  4 frilled lizards
  10 rats
79 creatures vanquished.

Notes
Turn   | Place    | Note
-------+----------+-------------------------------------------
     0 | D:1      | DarkinPup the Demonspawn Gladiator began the quest for the
                  | Orb.
     0 | D:1      | Reached XP level 1. HP: 16/16 MP: 1/1
    43 | D:1      | Gained mutation: You are partially covered in slimy green
                  | scales. (AC +2) [demonic ancestry]
    43 | D:1      | Reached XP level 2. HP: 19/22 MP: 2/2
   377 | D:1      | Gained mutation: You have large cloven feet. [demonic
                  | ancestry]
   377 | D:1      | Reached XP level 3. HP: 20/28 MP: 3/3
  1026 | D:2      | Gained mutation: You are mostly covered in slimy green
                  | scales. (AC +3) [demonic ancestry]
  1026 | D:2      | Reached XP level 4. HP: 20/35 MP: 4/4
  1264 | D:2      | Found a runed translucent door.
  1265 | D:2      | Noticed Crazy Yiuf
  1429 | D:2      | Found a blossoming altar of Fedhas.
  1479 | D:2      | Found a glowing golden altar of the Shining One.
  1681 | D:2      | Killed Crazy Yiuf
  1681 | D:2      | Reached XP level 5. HP: 35/41 MP: 5/5
  2073 | D:3      | Found a shattered altar of Ashenzari.
  2074 | D:3      | Found a radiant altar of Vehumet.
  2076 | D:3      | Found a hazy altar of Hepliaklqana.
  2076 | D:3      | Found a bloodstained altar of Trog.
  2076 | D:3      | Found a burning altar of Makhleb.
  2078 | D:3      | Found a deep blue altar of Sif Muna.
  2078 | D:3      | Found a glowing silver altar of Zin.
  2079 | D:3      | Found an opulent altar of Gozag.
  2091 | D:3      | Became a worshipper of Ashenzari the Shackled
  2227 | D:3      | Noticed Sigmund
  2267 | D:3      | Slain by Sigmund

Skill      XL: |  1  2  3  4  5 |
---------------+----------------+-----
Long Blades    | 3 4 |  4.1
Dodging        | 3 4 |  4.0
Fighting       | 3 |  3.8
Throwing       | |  1.7

Action                   |  1- 3 |  4- 6 || total
-------------------------+-------+-------++-------
Melee: Long sword        |   103 |   123 ||   226
       Kick              |     6 |    43 ||    49
Throw: Throwing net      |       |     3 ||     3
  Use: Scroll            |       |     3 ||     3
  Eat: Chunk             |     1 |     3 ||     4
Armor: Leather armour    |    28 |    33 ||    61
       Robe              |     8 |    12 ||    20
Dodge: Dodged            |   102 |    79 ||   181
       Rpst.: Long sword |    29 |    27 ||    56
